 Dungeon Crawl Stone Soup version 0.20.1-1-g8b1a95d (webtiles) character file.

1215 equalderp2856 the Chopper (level 8, -20/69 HPs)
             Began as a Minotaur Fighter on Aug 11, 2017.
             Demolished by an orc warrior
             ... wielding a +0 flail
              (25 damage)
             ... on level 5 of the Dungeon.
             The game lasted 00:10:15 (6095 turns).

equalderp2856 the Chopper (Minotaur Fighter)        Turns: 6095, Time: 00:10:15

Health: -20/69     AC:  7    Str: 22    XL:     8   Next: 22%
Magic:  7/7        EV:  9    Int:  5    God:
Gold:   278        SH: 10    Dex: 11    Spells: 7/7 levels left

rFire    . . .     SeeInvis .   a - +0 war axe
rCold    . . .     Gourm    .   c - +0 shield
rNeg     . . .     Faith    .   b - +0 scale mail
rPois    .         Spirit   .   (helmet restricted)
rElec    .         Reflect  .   (no cloak)
rCorr    .         Harm     .   (no gloves)
MR       .....                  (no boots)
Stlth    ..........             (no amulet)
Regen    0.3/turn               (no ring)
MPRegen  0.1/turn               (no ring)

@: no status effects
A: retaliatory headbutt, horns 2
a: no special abilities


You were on level 5 of the Dungeon.
You were near starving.

You visited 1 branch of the dungeon, and saw 6 of its levels.
You also visited: Sewer.

You collected 278 gold pieces.

Inventory:

Hand Weapons
 a - a +0 war axe (weapon)
 F - a +2 hand axe of electrocution
Missiles
 h - 138 stones (quivered)
 i - 44 bolts
 j - 63 sling bullets
 k - 40 arrows
 G - 3 javelins
Armour
 b - a +0 scale mail (worn)
 c - a +0 shield (worn)
Magical Staves
 B - an uncursed staff of summoning {unknown}
Jewellery
 g - an uncursed ring of protection from cold {unknown}
 s - an uncursed ring of protection from magic {unknown}
Wands
 C - a wand of lightning (0/15)
Scrolls
 e - 3 scrolls of teleportation
 o - 4 scrolls of identify
 q - 3 scrolls of remove curse {unknown}
 t - a scroll of immolation {unknown}
 u - a scroll of enchant weapon {unknown}
 v - 2 scrolls of recharging
 w - 2 scrolls of fear
 x - 3 scrolls of fog {unknown}
 y - 2 scrolls of blinking {unknown}
Potions
 d - 5 potions of might
 m - 2 potions of curing
 n - 3 potions of brilliance {unknown}
 p - a potion of resistance {unknown}
 r - a potion of mutation {unknown}
 z - 2 potions of magic {unknown}
 A - a potion of haste {unknown}
 E - a potion of invisibility {unknown}
Comestibles
 f - 3 bread rations
 l - a meat ration
 D - a royal jelly


   Skills:
 + Level 5.4 Fighting
 + Level 7.9 Axes
 + Level 6.0 Armour
 + Level 2.7 Dodging
 + Level 0.6 Stealth
 + Level 6.5 Shields
 + Level 0.1 Evocations


You had 7 spell levels left.
You didn't know any spells.

Dungeon Overview and Level Annotations

Branches:
Dungeon (6/15)
 Temple: D:4-7

Altars:
Ashenzari
Okawaru
Qazlal
Sif Muna
Xom
Yredelemnul

Shops:
D:5 *


Innate Abilities, Weirdness & Mutations

You reflexively headbutt those who attack you in melee.
You have a pair of horns on your head.


Message History

The orc warrior is moderately wounded.
You block the orc warrior's attack.
You hit the orc warrior but do no damage.
The orc warrior is moderately wounded.
You block the orc warrior's attack.
You hit the orc warrior.
The orc warrior is moderately wounded.
The orc warrior hits you with a flail!!
You slash the orc warrior!
You headbutt the orc warrior, but do no damage.
The orc warrior is almost dead.
The orc warrior hits you with a flail!!
You closely miss the orc warrior. Your headbutt misses the orc warrior.
The orc warrior is almost dead.
The orc warrior hits you with a flail!!
* * * LOW HITPOINT WARNING * * *
You hit the orc warrior but do no damage.
The orc warrior is almost dead.
The orc warrior hits you with a flail!!
You die...

#..## #..##
##...##
####.....##
#.........#####
#.##..........#
#.###...#####.#
#o# ##.##
#.#### #@# ###
#..... #.#
###### #......#
######.# ###
#.. #.# #.#
######.#


You could see an orc warrior.

Vanquished Creatures
  2 sky beasts (D:5)
  An ogre (D:5)
  A phantom (D:6)
  2 bullfrogs (Sewer)
  2 scorpions
  A howler monkey (D:4)
  A crimson imp (D:5)
  A bullfrog zombie (D:5)
  An orc priest (D:4)
  3 orc wizards
  2 worker ants (D:4)
  An iguana (D:6)
  2 killer bee zombies (D:5)
  A hound skeleton (D:4)
  8 adders
  8 river rats (Sewer)
  4 oozes
  An adder skeleton (D:5)
  5 worms
  A dart slug (D:1)
  A leopard gecko (D:1)
  5 orcs
  4 giant cockroaches
  4 goblins
  5 hobgoblins
  11 jackals
  3 quokkas
  17 ball pythons
  6 bats
  9 frilled lizards
  4 kobolds
  A leopard gecko skeleton (D:5)
  28 rats
146 creatures vanquished.

Notes
Turn   | Place    | Note
-------+----------+-------------------------------------------
     0 | D:1      | equalderp2856 the Minotaur Fighter began the quest for the Orb.
     0 | D:1      | Reached XP level 1. HP: 19/19 MP: 0/0
     1 | D:1      | Found a runed door.
   214 | D:1      | Reached XP level 2. HP: 23/27 MP: 1/1
  1068 | D:1      | Reached skill level 3 in Axes
  1075 | D:1      | Reached XP level 3. HP: 27/33 MP: 2/2
  1647 | D:2      | Found a stormy altar of Qazlal.
  1711 | D:2      | Reached XP level 4. HP: 40/40 MP: 3/3
  2048 | D:3      | Found a shimmering altar of Xom.
  2595 | D:3      | Found a glowing drain.
  2632 | Sewer    | Entered a sewer
  2649 | Sewer    | Reached skill level 4 in Axes
  2717 | Sewer    | Reached XP level 5. HP: 43/46 MP: 4/4
  3145 | Sewer    | Reached skill level 5 in Axes
  3363 | Sewer    | Reached skill level 1 in Dodging
  3526 | Sewer    | Reached skill level 5 in Armour
  3526 | Sewer    | Reached XP level 6. HP: 43/53 MP: 5/5
  4007 | D:4      | Reached skill level 6 in Axes
  4007 | D:4      | Reached skill level 5 in Shields
  4312 | D:4      | Found a deep blue altar of Sif Muna.
  4323 | D:4      | Reached XP level 7. HP: 52/60 MP: 6/6
  4728 | D:4      | Found a basalt altar of Yredelemnul.
  4929 | D:5      | Entered Level 5 of the Dungeon
  4929 | D:5      | Found Nahivoes's Assorted Antiques.
  4953 | D:5      | Reached skill level 5 in Fighting
  5248 | D:5      | Found a shattered altar of Ashenzari.
  5251 | D:5      | Found an iron altar of Okawaru.
  5290 | D:5      | Reached skill level 7 in Axes
  5495 | D:5      | Reached XP level 8. HP: 61/68 MP: 7/7
  6095 | D:5      | Demolished by an orc warrior

Skill      XL: |  1  2  3  4  5  6  7  8 |
---------------+-------------------------+-----
Armour         | 4 5 6 |  6.0
Axes           | 3 4 5 6 7 |  7.9
Shields        | 4 5 6 |  6.5
Fighting       | 4 5 |  5.4
Dodging        | 1 2 |  2.7
Stealth        | |  0.6
Evocations     | |  0.1

Action                   |  1- 3 |  4- 6 |  7- 9 || total
-------------------------+-------+-------+-------++-------
Melee: War axe           |    96 |   135 |   128 ||   359
       Headbutt          |    11 |    14 |    33 ||    58
Evoke: Wand              |       |       |     2 ||     2
  Use: Scroll            |       |     4 |       ||     4
  Eat: Chunk             |     2 |     9 |     4 ||    15
Armor: Scale mail        |    47 |    77 |    43 ||   167
Dodge: Dodged            |    28 |    70 |    37 ||   135
Block: Shield            |    52 |    89 |    75 ||   216
